 Dungeon Crawl Stone Soup version 0.30.1-4-g462c640d31 (webtiles) character file.

Game seed: 13298105709976720128

2480 rddays123 the Fighter (level 9, -5/84 HPs)
             Began as a Minotaur Fighter on Sept 8, 2023.
             Was an Initiate of Gozag.
             Slain by an orc warrior
             ... wielding a +1 heavy mace
              (6 damage)
             ... on level 8 of the Dungeon on Sept 9, 2023.
             The game lasted 00:12:00 (6958 turns).

rddays123 the Fighter (Minotaur Fighter)            Turns: 6958, Time: 00:12:00

Health: -5/84      AC:  8    Str: 29    XL:     9   Next: 27%
Magic:  8/8        EV:  9    Int:  5    God:    Gozag
Gold:   487        SH:  0    Dex: 12    Spells: 8/8 levels left

rFire   . . .        a - +0 war axe
rCold   . . .        c - +0 buckler
rNeg    . . .        b - +0 scale mail
rPois   .            (helmet restricted)
rElec   .            w - +0 cloak
rCorr   .            (no gloves)
SInv    .            (no boots)
Will    .....        (no amulet) Stlth
                     l - +4 ring of slaying
HPRegen 0.34/turn    p - +6 ring of strength
MPRegen 0.11/turn

%: no passive effects
@: confused
A: horns 2, retaliatory headbutt
a: Renounce Religion, Potion Petition, Call Merchant, Bribe Branch


You were on level 8 of the Dungeon.
You worshipped Gozag.
Gozag was aware of your devotion.
You visited 2 branches of the dungeon, and saw 9 of its levels.

You collected 555 gold pieces.
You paid 68 gold pieces to Gozag.

Inventory:

Hand Weapons
 a - a +0 war axe (weapon)
 x - a +1 mace of protection
 y - a +0 hand axe of freezing
 A - the +8 sling "Zeataaj" {flame, Fly rC- Str+6}
   (You found it on level 6 of the Dungeon)

   Str:       It affects your strength (+6).
   rC:        It makes you vulnerable to cold.
   Fly:       It grants you flight.
 B - a +1 whip of venom
Armour
 b - a +0 scale mail (worn)
 c - a +0 buckler (worn)
 w - a +0 cloak (worn)
Jewellery
 l - a +4 ring of slaying (left hand)
 p - a +6 ring of strength (right hand)
 u - an amulet of magic regeneration
 z - a ring of protection from cold
Wands
 j - a wand of light (13)
 v - a wand of flame (17)
 C - a wand of paralysis (12)
Scrolls
 g - 3 scrolls of fear {unknown}
 h - 5 scrolls of teleportation {unknown}
 k - 2 scrolls of enchant weapon {unknown}
 m - 2 scrolls of noise {unknown}
 n - 2 scrolls of vulnerability {unknown}
 q - a scroll of magic mapping {unknown}
 t - 2 scrolls of blinking {unknown}
 D - a scroll of poison {unknown}
 E - a scroll of enchant armour {unknown}
Potions
 d - a potion of might
 e - 6 potions of curing
 f - 2 potions of heal wounds
 i - a potion of lignification
 o - a potion of attraction
 r - a potion of magic
 s - a potion of flight {unknown}


   Skills:
 - Level 9.5 Fighting
 - Level 9.0 Axes
 + Level 7.4 Ranged Weapons
 - Level 4.0 Armour
 - Level 4.0 Shields


You had 8 spell levels left.
You didn't know any spells.
Your spell library contained the following spells:

 Spells                   Type           Power      Damage    Failure   Level
 Sandblast                Erth           0%         2d4       78%         1
 Passwall                 Tmut/Erth      0%         N/A       89%         2
 Sublimation of Blood     Necr           0%         N/A       89%         2
 Wereblood                Tmut           0%         N/A       89%         2
 Stone Arrow              Conj/Erth      0%         3d7       98%         3
 Summon Hydra             Summ           0%         N/A       100%        7


Dungeon Overview and Level Annotations

Branches:
Dungeon (8/15)             Temple (1/1) D:6
   Lair: D:8-11

Altars:
Ashenzari
Dithmenos
Elyvilon
Fedhas
Gozag
Kikubaaqudgha
Makhleb
Ru
Sif Muna
Trog
Uskayaw
Vehumet
Wu Jian
Xom
Yredelemnul
Zin
The Shining One


Innate Abilities, Weirdness & Mutations

You have a pair of horns on your head.
You reflexively headbutt those who attack you in melee.


Message History

The yak gores you but does no damage. The yak attacks as you move away!
You block the yak's attack. The yak attacks as you move away!
The yak barely misses you.
Okay, then.
The yak attacks as you move away! The yak gores you!
The yak attacks as you move away! The yak gores you.
The yak attacks as you move away! The yak barely misses you.
The yak attacks as you move away! The yak barely misses you.
You furiously retaliate!
You headbutt the yak. The yak attacks as you move away!
You block the yak's attack. The yak attacks as you move away!
The yak gores you! The yak attacks as you move away! The yak gores you!
An orc warrior comes into view. It is wielding a +1 heavy mace.
The orc warrior shouts!
The orc wizard gestures at you while chanting.
You are confused.
The orc warrior moves out of view.
A skeletal warrior comes into view. It is wielding a +0 mace.
The orc wizard gestures at you while chanting.
The magic dart hits you.
The orc wizard gestures wildly while chanting.
The orc wizard flickers and vanishes!
Deactivating autopickup; reactivate with Ctrl-A.
A skeletal warrior comes into view. It is wielding a +0 mace.
The orc warrior hits you with a +1 heavy mace!
You bump into the rock wall.
The orc warrior hits you with a +1 heavy mace!
The skeletal warrior completely misses you.
Something hits you but does no damage.
You closely miss the skeletal warrior. You hit something.
You hit the orc warrior.
You hit the skeletal warrior but do no damage.
The skeletal warrior closely misses you.
The skeletal warrior hits you with a +0 mace!!
* * * LOW HITPOINT WARNING * * *
Something hits you.
* * * LOW HITPOINT WARNING * * *
The orc warrior hits you with a +1 heavy mace.
You die...
Your body crumbles into a pile of gold.

##..#.####....Y.zY....#
#######..##.#..#.###.######.#
.)[[.[......#..#.# #.# #.#
###<........#..<.# #.# #.#
..[.....###.#....# #Y# #Y#
.#####..# #.#....# #.# #.#
#..# #.#....# #.# #z# #..#
#.#....# #.### #Y# #..#
#.#..o@# ..# #.# #..#
#.#..zz#####.# #.# #..#
#...Y.Y.Y..####.#
#...##Y..z.Y....# #...
#.########## #..# #.# #.. #.#
##. #.# .. #.#


You could see 2 skeletal warriors, 2 yaks and an orc warrior.

Vanquished Creatures
  A wyvern (D:8)
  A water moccasin (D:6)
  2 ice beasts
  A sky beast (D:7)
  A black bear (D:7)
  A centaur (D:6)
  2 phantoms
  A bullfrog (D:6)
  A gnoll sergeant (D:7)
  8 scorpions
  3 killer bees (D:4)
  3 jellies
  6 hounds
  4 orc priests
  A sleepcap (D:6)
  A gnoll bouda (D:6)
  An iguana (D:4)
  3 orc wizards
  10 gnolls
  13 adders
  A shadow imp (D:6)
  An ufetubus (D:7)
  A worm (D:2)
  4 dart slugs
  20 orcs
  8 ball pythons
  9 bats
  12 endoplasms
  4 giant cockroaches
  6 goblins
  10 hobgoblins
  4 jackals (D:1)
  8 kobolds
  3 quokkas
  4 frilled lizards
  3 rats
162 creatures vanquished.

Notes
Turn   | Place    | Note
-------+----------+-------------------------------------------
     0 | D:1      | rddays123 the Minotaur Fighter began the quest for the Orb.
     0 | D:1      | Reached XP level 1. HP: 19/19 MP: 0/0
    95 | D:1      | Reached XP level 2. HP: 20/27 MP: 1/1
   361 | D:1      | Reached XP level 3. HP: 16/33 MP: 2/2
  1565 | D:2      | Reached XP level 4. HP: 41/41 MP: 3/3
  2116 | D:3      | Found a broken altar of Ashenzari.
  2225 | D:3      | Reached skill level 5 in Fighting
  3113 | D:4      | Reached XP level 5. HP: 17/48 MP: 4/4
  3116 | D:4      | Reached skill level 5 in Axes
  3294 | D:4      | Reached XP level 6. HP: 55/57 MP: 5/5
  3577 | D:4      | Found a shimmering altar of Xom.
  3612 | D:4      | Reached XP level 7. HP: 33/66 MP: 6/6
  4063 | D:4      | Found the +11 Singing Sword {sonic wave}
  4138 | D:5      | Entered Level 5 of the Dungeon
  4457 | D:5      | Reached XP level 8. HP: 51/75 MP: 7/7
  4955 | D:6      | Found a staircase to the Ecumenical Temple.
  4988 | Temple   | Entered the Ecumenical Temple
  5208 | Temple   | Became a worshipper of Gozag Ym Sagoz the Greedy
  5268 | D:6      | Identified the +8 sling "Zeataaj" {flame, Fly rC- Str+6}
  5429 | D:6      | Reached skill level 1 in Ranged Weapons
  6140 | D:7      | Reached skill level 5 in Ranged Weapons
  6165 | D:7      | Reached XP level 9. HP: 84/84 MP: 8/8
  6675 | D:7      | Found a sacrificial altar of Ru.
  6677 | D:7      | Found a burning altar of Makhleb.
  6924 | D:8      | Noticed a skeletal warrior
  6953 | D:8      | Noticed a skeletal warrior
  6955 | D:8      | Noticed a skeletal warrior
  6958 | D:8      | HP: 4/84 [skeletal warrior/+0 mace (27)]
  6958 | D:8      | HP: 1/84 [something (3)]
  6958 | D:8      | Slain by an orc warrior

Illustrated notes

Levels and vault maps discovered:
D:1:      minmay_arrival_nine_rooms, layout_basic, st_stairs_13,
          minmay_misc_feat_five, minmay_misc_feat_tiny
D:2:      minmay_spotlight, layout_loops_ring
D:3:      layout_basic, mainiacjoe_overflow_alcove_4, portal_sewer_entry_e
D:4:      old_forge, layout_loops_ring, minmay_ruined_shrine
D:5:      layout_rooms, hangedman_decor_slide_cut
D:6:      layout_loops_cross, minmay_temple_entry_statues_fountains,
          serial_rivers, chequers_serial_rivers_large_b,
          chequers_serial_rivers_small_3, chequers_serial_rivers_small_b,
          chequers_serial_rivers_small_b, chequers_serial_rivers_micro_e
D:7:      layout_loops_ring, nicolae_overflow_hidden_temple
D:8:      kennysheep_six_static_rooms, layout_basic,
          nicolae_qazlal_beasts_of_the_sky, mainiacjoe_overflow_catwalk_spiral,
          serial_shops, shop, hellmonk_ghost_happy_afterlife,
          nicolae_shop_clearance
Temple:   dshaligram_water_room_temple

Skill      XL: |  1  2  3  4  5  6  7  8  9 |
---------------+----------------------------+-----
Armour         | 4 |  4.0
Shields        | 4 |  4.0
Fighting       | 4 5 6 7 8 9 |  9.5
Axes           | 3 4 5 6 8 9 |  9.0
Ranged Weapons | 5 7 |  7.4

Action                     |  1- 3 |  4- 6 |  7- 9 || total
---------------------------+-------+-------+-------++-------
  Melee: War axe           |    79 |    78 |    91 ||   248
         Headbutt          |    10 |     8 |    13 ||    31
   Fire: Sling             |       |       |    91 ||    91
    Use: Scroll            |       |     2 |     3 ||     5
         Potion            |       |     2 |       ||     2
 Armour: Scale mail        |    41 |    44 |    61 ||   146
  Dodge: Dodged            |    30 |    54 |    57 ||   141
  Block: Buckler           |     8 |    24 |    29 ||    61
